 Dungeon Sprint DCSS version 0.22-a0-367-gb72a975701 (webtiles) character file.

14730 KillingSpree the Bludgeoner (level 11, -6/96 HPs)
             Began as a Demonspawn Fighter on Apr 22, 2018.
             Was the Champion of Makhleb.
             Mangled by a deep troll (17 damage)
             ... in the Dungeon (Sprint IX: "|||||||||||||||||||||||||||||").
             The game lasted 00:04:25 (2083 turns).

KillingSpree the Bludgeoner (Demonspawn Fighter)    Turns: 2083, Time: 00:04:25

Health: -6/96      AC: 16    Str: 19    XL:     11   Next: 92%
Magic:  20/20      EV: 16    Int: 10    God:    Makhleb [******]
Gold:   1450       SH: 13    Dex: 13    Spells: 10/10 levels left

rFire    . . .     SeeInvis .   q - +2 flail (crush)
rCold    . . .     Gourm    .   c - +0 shield
rNeg     . . .     Faith    .   r - +1 scale mail
rPois    .         Spirit   .   y - +1 hat
rElec    .         Reflect  .   p - +0 cloak
rCorr    .         Harm     .   (no gloves)
MR       .....     NoTele   +   w - +0 pair of boots
Stlth    +.........             (no amulet)
HPRegen  0.26/turn              t - +2 ring of evasion
MPRegen  0.17/turn              s - +2 ring of evasion

@: slowed, very slow
A: horns 2, yellow scales 2, nightstalker 1, spiny 1
a: Minor Destruction, Lesser Servant of Makhleb, Major Destruction, Greater
Servant of Makhleb, Renounce Religion


You were in the Dungeon.
You worshipped Makhleb.
Makhleb was exalted by your worship.
You were hungry.

You visited 1 branch You collected 1450 gold pieces.

Inventory:

Hand Weapons
 o - a +2 morningstar of protection
 q - a +2 flail of crushing (weapon)
Armour
 c - a +0 shield (worn)
 p - a +0 cloak (worn)
 r - a +1 scale mail (worn)
 w - a +0 pair of boots (worn)
 x - a +0 helmet
 y - a +1 hat (worn)
Jewellery
 s - a +2 ring of evasion (right hand)
 t - a +2 ring of evasion (left hand)
Wands
 n - a wand of acid (5)
Scrolls
 k - 2 scrolls of blinking
 l - 5 scrolls of remove curse
 m - 2 scrolls of amnesia
 u - a scroll of fear
 v - 4 scrolls of enchant weapon
Potions
 a - 2 potions of brilliance
 b - 2 potions of agility
 e - 5 potions of curing
 g - a potion of heal wounds
 h - a potion of haste
 i - 4 potions of magic
 j - a potion of invisibility
Comestibles
 f - 12 rations


   Skills:
 + Level 12.5 Fighting
 * Level 16.4 Maces & Flails
 + Level 10.5 Armour
 + Level 5.9 Dodging
 + Level 12.4 Shields
 - Level 13.2 Invocations


You had 10 spell levels left.
You didn't know any spells.

Dungeon Overview and Level Annotations

Branches:
Dungeon (1/1)

Altars:
Cheibriados
Dithmenos
Elyvilon
Fedhas
Gozag
Hepliaklqana
Kikubaaqudgha
Makhleb
Nemelex Xobeh
Okawaru
Qazlal
Ru
Sif Muna
Trog
Uskayaw
Vehumet
Wu Jian
Xom
Yredelemnul
Zin
The Shining One
Beogh
Jiyva
Lugonu

Shops:
D }:(%


Innate Abilities, Weirdness & Mutations

You have a pair of horns on your head.
You are mostly covered in yellow scales. (AC +3)
You are slightly more attuned to the shadows.
You are partially covered in sharp spines.


Message History

You block the deep troll's attack. x2; The deep troll misses you.
You hit the deep troll but do no damage.
The deep troll is severely wounded.
You block the deep troll's attack. The deep troll claws you.
The deep troll claws you but does no damage.
The deep troll closely misses you. The deep troll claws you!
* * * LOW HITPOINT WARNING * * *
The deep troll barely misses you.
You hit the deep troll.
The deep troll is severely wounded.
The deep troll is struck by your spines.
The deep troll closely misses you.
The deep troll claws you but does no damage.
The deep troll claws you!
* * * LOW HITPOINT WARNING * * *
You hit the deep troll.
You headbutt the deep troll, but do no damage.
The deep troll is almost dead.
The deep troll bites you!
You die...

______'..|)....['......)......'..
▓▓▓▓▓▓▓▓▓▓▓▓▓▓▓▓▓▓▓▓▓▓▓▓▓▓▓▓▓▓▓▓.
(()..............................
▓▓▓▓▓▓▓▓▓▓▓▓▓▓▓▓▓▓▓▓▓▓▓▓▓▓▓▓▓▓▓▓▓
......†........([[.'...[.[..'....
▓▓▓▓▓▓▓▓▓▓▓▓▓▓▓▓▓▓▓▓▓▓▓▓▓▓▓▓▓▓▓▓.
........................†........
▓▓▓▓▓▓▓▓▓▓▓▓▓▓▓▓▓▓▓▓▓▓▓▓▓▓▓▓▓▓▓▓▓
.....[[[)..∩.∩.∩@TTO$.$
▓▓▓▓▓▓▓▓▓▓▓▓▓▓▓▓▓▓▓▓▓▓▓


You could see an ogre mage, a deep troll and a troll.

Vanquished Creatures
  Gastronok (D)
  4 ogre magi (D)
  Sonja (D)
  5 deep trolls (D)
  2 unseen horrors (D)
  2 orc knights (D)
  3 spiny frogs (D)
  3 rime drakes (D)
  A troll (D)
  A wind drake (D)
  A wyvern (D)
  A fire elemental (D)
  2 yaks (D)
  2 basilisks (D)
  A hungry ghost (D)
  2 wargs (D)
  A water moccasin (D)
  2 soldier ants (D)
  3 hell hounds (D)
  3 porcupines (D)
  9 orc warriors (D)
  A phantom (D)
  An eye of draining (D)
  An ogre (D)
  3 wolves (D)
  4 crocodiles (D)
  4 bullfrogs (D)
  2 orc wizards (D)
  9 orc priests (D)
  4 orcs (D)
  A bat (D)
  2 bat zombies (D)
  2 giant cockroaches (D)
  2 quokkas (D)
  A frilled lizard (D)
  2 kobolds (D)
89 creatures vanquished.

Vanquished Creatures (others)
  A spatial maelstrom (D)
  A basilisk (D)
2 creatures vanquished.

Grand Total: 91 creatures vanquished

Notes
Turn   | Place    | Note
-------+----------+-------------------------------------------
     0 | D        | KillingSpree the Demonspawn Fighter began the quest for the Orb.
     0 | D        | Reached XP level 1. HP: 18/18 MP: 1/1
     0 | D        | Banished a spatial maelstrom
     6 | D        | Reached skill level 2 in Maces & Flails
     8 | D        | Reached skill level 3 in Maces & Flails
   124 | D        | Noticed a phantom
   124 | D        | Noticed an orc priest
   129 | D        | Reached skill level 4 in Maces & Flails
   135 | D        | Gained mutation: You have a pair of small horns on your head. [demonic ancestry]
   135 | D        | Reached XP level 2. HP: 17/24 MP: 2/2
   139 | D        | Reached skill level 6 in Maces & Flails
   139 | D        | Gained mutation: You are partially covered in yellow scales. (AC +2) [demonic ancestry]
   139 | D        | Reached XP level 3. HP: 18/29 MP: 3/3
   144 | D        | Killed a phantom
   144 | D        | Reached skill level 9 in Maces & Flails
   144 | D        | Reached XP level 4. HP: 22/35 MP: 4/4
   151 | D        | Found a roughly hewn altar of Beogh.
   151 | D        | Found a snail-covered altar of Cheibriados.
   151 | D        | Found a shadowy altar of Dithmenos.
   151 | D        | Found a white marble altar of Elyvilon.
   151 | D        | Found a blossoming altar of Fedhas.
   151 | D        | Found an opulent altar of Gozag.
   152 | D        | Found a hazy altar of Hepliaklqana.
   153 | D        | Found a viscous altar of Jiyva.
   154 | D        | Found an ancient bone altar of Kikubaaqudgha.
   155 | D        | Found a corrupted altar of Lugonu.
   156 | D        | Found a burning altar of Makhleb.
   157 | D        | Found a sparkling altar of Nemelex Xobeh.
   158 | D        | Found an iron altar of Okawaru.
   159 | D        | Found a stormy altar of Qazlal.
   160 | D        | Found a sacrificial altar of Ru.
   161 | D        | Found a deep blue altar of Sif Muna.
   162 | D        | Found a bloodstained altar of Trog.
   163 | D        | Found a hide-covered altar of Uskayaw.
   164 | D        | Found a radiant altar of Vehumet.
   165 | D        | Found an ornate altar of the Wu Jian Council.
   166 | D        | Found a shimmering altar of Xom.
   167 | D        | Became a worshipper of Qazlal Stormbringer
   168 | D        | Found a basalt altar of Yredelemnul.
   169 | D        | Found a glowing silver altar of Zin.
   170 | D        | Found a glowing golden altar of the Shining One.
   310 | D        | Noticed a hungry ghost
   310 | D        | Noticed a bullfrog
   310 | D        | Noticed a soldier ant
   310 | D        | Noticed a soldier ant
   310 | D        | Noticed a wyvern
   312 | D        | Killed a bullfrog
   312 | D        | Gained mutation: You are mostly covered in yellow scales. (AC +3) [demonic ancestry]
   312 | D        | Reached XP level 5. HP: 42/42 MP: 4/7
   314 | D        | Killed a soldier ant
   314 | D        | Reached * piety under Qazlal
   314 | D        | Gained mutation: You are partially covered in sharp spines. [demonic ancestry]
   314 | D        | Reached XP level 6. HP: 50/50 MP: 4/9
   318 | D        | Killed a hungry ghost
   318 | D        | Reached skill level 5 in Fighting
   318 | D        | Reached skill level 5 in Armour
   318 | D        | Reached skill level 5 in Shields
   325 | D        | Killed a soldier ant
   325 | D        | Reached XP level 7. HP: 53/58 MP: 5/11
   327 | D        | Killed a wyvern
   327 | D        | Reached ** piety under Qazlal
   327 | D        | Reached skill level 10 in Maces & Flails
   327 | D        | Reached skill level 1 in Dodging
   337 | D        | Noticed a yak
   350 | D        | Killed an unseen horror
   350 | D        | Reached XP level 8. HP: 43/67 MP: 0/14
   353 | D        | Killed an unseen horror
   353 | D        | Reached skill level 11 in Maces & Flails
   353 | D        | Reached skill level 10 in Invocations
   357 | D        | Reached *** piety under Qazlal
   365 | D        | Gained mutation: You are slightly more attuned to the shadows. [demonic ancestry]
   365 | D        | Reached XP level 9. HP: 42/75 MP: 0/16
   543 | D        | Fell from the grace of Qazlal
   543 | D        | Became a worshipper of Makhleb the Destroyer
   614 | D        | Noticed Sonja
   625 | D        | Killed Sonja
   925 | D        | Noticed a rime drake
   934 | D        | Reached * piety under Makhleb
   940 | D        | Reached skill level 12 in Maces & Flails
   946 | D        | Noticed a spiny frog
   953 | D        | Reached ** piety under Makhleb
   965 | D        | Killed a rime drake
   977 | D        | Killed a spiny frog
   977 | D        | Reached *** piety under Makhleb
   993 | D        | Noticed a spiny frog
   997 | D        | Killed a spiny frog
   997 | D        | Reached XP level 10. HP: 44/85 MP: 19/19
   999 | D        | Reached skill level 10 in Fighting
  1012 | D        | Reached **** piety under Makhleb
  1014 | D        | Noticed a spiny frog
  1018 | D        | Reached skill level 13 in Maces & Flails
  1030 | D        | Killed a spiny frog
  1252 | D        | Reached ***** piety under Makhleb
  1273 | D        | Reached skill level 10 in Shields
  1375 | D        | Noticed Gastronok
  1393 | D        | Killed Gastronok
  1393 | D        | Reached skill level 14 in Maces & Flails
  1603 | D        | Reached ****** piety under Makhleb
  1628 | D        | Gained mutation: You have a pair of horns on your head. [demonic ancestry]
  1628 | D        | Reached XP level 11. HP: 58/93 MP: 20/20
  1688 | D        | Noticed an orc knight
  1701 | D        | Killed an orc knight
  1712 | D        | Noticed an orc knight
  1726 | D        | Killed an orc knight
  1726 | D        | Reached skill level 15 in Maces & Flails
  1987 | D        | Noticed an ogre mage
  1987 | D        | Noticed a deep troll
  1987 | D        | Noticed a deep troll
  1987 | D        | Noticed a deep troll
  1990 | D        | Found Xiadang's Gadget Emporium.
  1990 | D        | Noticed an ogre mage
  1997 | D        | Noticed an ogre mage
  1999 | D        | Killed a deep troll
  2004 | D        | Killed a deep troll
  2013 | D        | Killed an ogre mage
  2013 | D        | Reached skill level 5 in Dodging
  2014 | D        | Reached skill level 10 in Armour
  2015 | D        | Noticed a deep troll
  2020 | D        | Killed a deep troll
  2029 | D        | Killed an ogre mage
  2030 | D        | Found Cankaf's Book Shoppe.
  2036 | D        | Killed an ogre mage
  2036 | D        | Reached skill level 16 in Maces & Flails
  2042 | D        | Killed a deep troll
  2045 | D        | Found Tenekyel's Weapon Emporium.
  2049 | D        | Found Emileihe's Food Shoppe.
  2050 | D        | Noticed an ogre mage
  2051 | D        | Noticed a deep troll
  2051 | D        | Paralysed by an ogre mage for 5 turns
  2057 | D        | Noticed an ogre mage
  2062 | D        | Noticed a deep troll
  2062 | D        | Paralysed by an ogre mage for 6 turns
  2069 | D        | Killed an ogre mage
  2074 | D        | Killed a deep troll
  2083 | D        | Mangled by a deep troll

Vault maps used:
D:        linesprint

Skill      XL: |  1  2  3  4  5  6  7  8  9 10 11 |
---------------+----------------------------------+-----
Maces & Flails | 4 6 9 10 11 12 14 16 | 16.4
Armour         | 3 4 5 7 8 9 10 | 10.5
Shields        | 3 4 5 7 8 9 10 12 | 12.4
Invocations    | 3 4 6 9 10 12 13 | 13.2
Fighting       | 4 6 7 8 9 11 12 | 12.5
Dodging        | 1 2 3 4 5 |  5.9

Action                   |  1- 3 |  4- 6 |  7- 9 | 10-12 || total
-------------------------+-------+-------+-------+-------++-------
Melee: Flail             |    29 |       |    58 |   280 ||   367
       Headbutt          |     1 |     3 |    20 |    57 ||    81
       Morningstar       |       |    11 |    32 |       ||    43
Evoke: Wand              |       |     4 |     1 |       ||     5
  Use: Potion            |     1 |       |       |     5 ||     6
  Eat: Chunk             |       |       |     1 |     5 ||     6
Armor: Scale mail        |     8 |     5 |    30 |    59 ||   102
Dodge: Dodged            |     8 |     4 |    29 |    86 ||   127
Block: Shield            |     9 |     4 |    44 |   118 ||   175

Table legend:
 A = Spawn XP
 B = Non-spawn XP
 C = Spawn XP percentage of total XP
 D = Spawn monster count
 E = Non-spawn monster count
 F = Spawn count percentage of total count
 G = Total turns spent on level
                    A         B        C        D         E        F      G
               +---------+---------+-------+---------+---------+-------+---------
         Total |       0 |   21043 |   0.0 |       0 |      85 |   0.0 |  2083
               +---------+---------+-------+---------+---------+-------+---------
             D |       0 |   21043 |   0.0 |       0 |      85 |   0.0 |  2083
               +---------+---------+-------+---------+---------+-------+---------
